 Dungeon Crawl Stone Soup version 0.22-a0-231-g1b571ea (webtiles) character file.

11 Azzok the Sneak (level 2, -4/20 HPs)
             Began as a Gnoll Enchanter on Feb 20, 2018.
             Slain by a kobold
             ... wielding a +0 short sword
              (8 damage)
             ... on level 1 of the Dungeon.
             The game lasted 00:00:50 (529 turns).

Azzok the Sneak (Gnoll Enchanter)                    Turns: 529, Time: 00:00:51

Health: -4/20      AC:  2    Str: 10    XL:     2   Next: 25%
Magic:  5/7        EV: 14    Int: 17    God:
Gold:   17         SH:  0    Dex: 15    Spells: 9/10 levels left

rFire    . . .     SeeInvis .   a - +1 dagger
rCold    . . .     Gourm    .   (no shield)
rNeg     . . .     Faith    .   b - +0 robe
rPois    .         Spirit   .   (no helmet)
rElec    .         Reflect  .   (no cloak)
rCorr    +         Harm     .   (no gloves)
MR       .....                  (no boots)
Stlth    +++.......             (no amulet)
HPRegen  0.06/turn              f - ring of resist corrosion
MPRegen  0.10/turn              (no ring)

@: no status effects
A: distributed training, fangs 1, strong nose
a: no special abilities


You were on level 1 of the Dungeon.
You were not hungry.

You visited 1 branch of the dungeon, and saw 1 of its levels.

You collected 17 gold pieces.

Inventory:

Hand Weapons
 a - a +1 dagger (weapon)
Armour
 b - a +0 robe (worn)
Jewellery
 f - a ring of resist corrosion (left hand)
Scrolls
 d - 3 scrolls of remove curse {unknown}
 e - a scroll of fog {unknown}
 h - a scroll of identify {unknown}
Comestibles
 c - 4 rations
 g - a chunk of flesh


   Skills:
 + Level 0.3 Fighting
 + Level 2.4 Short Blades
 + Level 0.3 Long Blades
 + Level 0.3 Axes
 + Level 0.3 Maces & Flails
 + Level 0.3 Polearms
 + Level 0.3 Staves
 + Level 0.3 Slings
 + Level 0.3 Bows
 + Level 0.3 Crossbows
 + Level 0.3 Throwing
 + Level 0.3 Armour
 + Level 4.4 Dodging
 + Level 5.9 Stealth
 + Level 0.3 Shields
 + Level 0.3 Unarmed Combat
 + Level 4.9 Spellcasting
 + Level 0.2 Conjurations
 + Level 5.3 Hexes
 + Level 0.2 Charms
 + Level 0.2 Summonings
 + Level 0.2 Necromancy
 + Level 0.2 Translocations
 + Level 0.2 Transmutations
 + Level 0.2 Fire Magic
 + Level 0.2 Ice Magic
 + Level 0.2 Air Magic
 + Level 0.2 Earth Magic
 + Level 0.2 Poison Magic
 + Level 0.4 Invocations
 + Level 0.3 Evocations


You had 9 spell levels left.
You knew the following spells:

 Your Spells              Type           Power        Failure   Level  Hunger
a - Corona                Hex            ###....      1%          1    None


Dungeon Overview and Level Annotations

Branches:
Dungeon (1/15)

Altars:


Innate Abilities, Weirdness & Mutations

Your experience applies equally to all skills.
You have very sharp teeth.
Your uncanny sense of smell can sniff out nearby items.


Message History

You hit the kobold.
The kobold is heavily wounded.
The kobold closely misses you.
You closely miss the kobold.
The kobold is heavily wounded.
The kobold misses you.
Casting: Corona (safe; 1% risk of failure)
Confirm with . or Enter, or press ? or * to list all spells.
Aiming: Corona (safe; 1% risk of failure)
Press: ? - help, Shift-Dir - straight line, f/p - kobold
Aim: a kobold, wielding a short sword (heavily wounded, chance to defeat MR: 77%)
The kobold is outlined in light.
The kobold barely misses you.
You hit the kobold.
The kobold is severely wounded.
The kobold hits you with a short sword.
* * * LOW HITPOINT WARNING * * *
You hit the kobold but do no damage.
The kobold is severely wounded.
The kobold hits you with a short sword!
You die...

··················▒▒▒▒·······▒
············▒▒▒▒▒·▒ ··········
············▒ ▒·▒·▒▒·▒·▒▒▒·▒
············▒ ··········▒·▒
···········▒▒ ▒······(·
···········▒ ▒·▒▒···)····
···········▒▒ ▒···········
············▒▒▒▒▒ ▒▒▒▒▒·▒·····
···········gK@··▒ ▒·····▒·
··········b▒▒···▒ ▒·····▒·
···········▒▒·▒·▒ ▒·····▒▒
·····?·····▒▒···▒ ▒▒▒▒···▒▒▒
·············▒·▒▒ ▒······▒ ▒
···········▒· ·▒ ▒▒·≈≈≈··▒▒▒
·····▒▒▒▒· ·· ····≈⌠······
···· ▒· ·▒ ·······≈·····
·············


You could see a hobgoblin, a bat and a kobold.

Vanquished Creatures
  A dart slug (D:1)
  A hobgoblin (D:1)
  4 jackals (D:1)
  A bat (D:1)
  A kobold (D:1)
8 creatures vanquished.

Notes
Turn   | Place    | Note
-------+----------+-------------------------------------------
     0 | D:1      | Azzok the Gnoll Enchanter began the quest for the Orb.
     0 | D:1      | Reached XP level 1. HP: 13/13 MP: 6/6
   420 | D:1      | Reached XP level 2. HP: 15/19 MP: 7/7
   529 | D:1      | Slain by a kobold

Vault maps used:
D:1:      sevenhm_arrival_forest_fort_large_2, corexii_leaking_fountain,
          wad_floor_pattern_1, minmay_misc_feat_five

Action                   || total
-------------------------++-------
Melee: Dagger            ||    46
       Bite              ||     2
 Cast: Corona            ||     6
Armor: Robe              ||     3
Dodge: Dodged            ||    32

Table legend:
 A = Spawn XP
 B = Non-spawn XP
 C = Spawn XP percentage of total XP
 D = Spawn monster count
 E = Non-spawn monster count
 F = Spawn count percentage of total count
 G = Total turns spent on level
                    A         B        C        D         E        F      G
               +---------+---------+-------+---------+---------+-------+---------
         Total |       0 |      16 |   0.0 |       0 |       8 |   0.0 |   529
               +---------+---------+-------+---------+---------+-------+---------
           D:1 |       0 |      16 |   0.0 |       0 |       8 |   0.0 |   529
               +---------+---------+-------+---------+---------+-------+---------
